Map: Berlingrad LE

Players

Trap

  • Race: Protoss Protoss

Serral - Winner!

  • Race: Zerg Zerg

Event: TSL 8

VOD

Have the link to the VOD?

Description

Time

  • Played on: Dec. 12, 2021, 9:27 a.m.
  • Length: 11:53

All games in this series

Show
View Real Time Build Order
Export as new Build Order

Trap Protoss 

Build Orders: 1 Gate Expand, Archon Immortal 

Get SALT Encoding   

  12  0:00  Probe  
  13  0:13  Pylon  
  13  0:17  Probe (Chrono Boost)  
  14  0:27  Probe (Chrono Boost)  
  15  0:32  Probe (Chrono Boost)  
  16  0:41  Gateway  
  16  0:43  Probe  
  16  0:49  Assimilator  
  17  0:56  Probe  
  18  1:08  Probe  
  19  1:20  Probe  
  20  1:29  Cybernetics Core  
  20  1:30  Zealot  
  22  1:41  Nexus  
  22  1:48  Pylon  
  22  1:51  Probe  
  23  2:03  Adept (Chrono Boost)  
  23  2:06  Probe  
  26  2:09  Pylon  
  26  2:12  Warp Gate  
  26  2:18  Probe  
  27  2:26  Adept  
  27  2:28  Assimilator  
  29  2:30  Probe  
  29  2:35  Twilight Council  
  30  2:42  Probe  
  31  2:48  Gateway  
  31  2:54  Probe (Chrono Boost)  
  32  3:00  Probe (Chrono Boost)  
  32  3:04  Probe (Chrono Boost)  
  33  3:08  Probe (Chrono Boost)  
  33  3:10  Robotics Facility  
  34  3:13  Probe  
  34  3:17  Resonating Glaives (Chrono Boost)  
  34  3:19  Probe (Chrono Boost)  
  36  3:25  Probe (Chrono Boost)  
  38  3:35  Gateway  
  38  3:37  Probe x2 (Chrono Boost)  
  39  3:44  Probe x2 (Chrono Boost)  
  39  3:47  Gateway  
  41  3:54  Warp Prism (Chrono Boost)  
  41  4:02  Probe, Pylon  
  44  4:05  Adept  
  44  4:09  Pylon  
  46  4:18  Assimilator  
  46  4:20  Probe x2  
  46  4:21  Stalker  
  46  4:23  Observer  
  51  4:27  Pylon  
  51  4:30  Adept  
  53  4:31  Adept  
  53  4:34  Probe x2  
  57  4:46  Adept x2  
  57  4:48  Pylon  
  61  4:53  Immortal (Chrono Boost)  
  61  4:56  Probe x2  
  67  5:13  Adept x4  
  59  5:29  Immortal (Chrono Boost)  
  59  5:35  Nexus  
  61  5:43  Adept  
  61  5:44  Adept x2  
  61  5:47  Sentry  
  69  5:50  Probe x2  
  69  5:55  Pylon  
  71  5:59  Immortal (Chrono Boost)  
  75  6:13  Probe x2  
  75  6:15  Adept, Sentry x3  
  75  6:18  Shield Battery  
  85  6:22  Pylon  
  85  6:25  Probe  
  86  6:36  Forge  
  86  6:37  Immortal (Chrono Boost)  
  86  6:40  Probe  
  86  6:41  Blink (Chrono Boost)  
  91  6:47  Probe x2  
  91  6:52  Probe  
  92  6:59  Shield Battery  
  92  7:00  Shield Battery  
  92  7:02  Pylon  
  92  7:06  Probe  
  92  7:07  Gateway, Probe  
  94  7:08  Gateway  
  94  7:09  Probe  
  94  7:12  Protoss Ground Weapons Level 1 (Chrono Boost)  
  95  7:21  Probe x3  
  98  7:29  Stalker x4  
  106  7:38  Gateway  
  106  7:40  Pylon x2  
  106  7:42  Gateway  
  106  7:45  Probe x3  
  106  7:47  Pylon  
  106  7:50  Assimilator  
  106  7:51  Assimilator  
  109  8:02  Probe x3  
  109  8:04  Assimilator  
  110  8:09  Stalker x3  
  110  8:10  Stalker  
  118  8:18  Immortal (Chrono Boost)  
  118  8:19  Pylon  
  122  8:22  Pylon  
  122  8:25  Charge  
  122  8:31  Pylon  
  122  8:36  Gateway  
  122  8:37  Gateway  
  122  8:41  Photon Cannon, Templar Archives  
  122  8:44  Photon Cannon  
  122  8:48  Photon Cannon  
  121  8:56  Gateway  
  121  8:57  Gateway  
  121  8:59  Pylon  
  119  9:04  Zealot x3  
  119  9:05  Zealot  
  119  9:09  Observer (Chrono Boost)  
  128  9:12  Shield Battery  
  128  9:13  Protoss Ground Weapons Level 2 (Chrono Boost)  
  128  9:20  Probe x3  
  125  9:39  High Templar x4  
  125  9:40  High Templar x2  
  125  9:41  Zealot x4  
  125  9:43  Pylon  
  125  9:44  Archon  
  125  9:45  Archon, Pylon  
  145  9:46  Archon  
  145  9:49  Pylon  
  145  9:58  High Templar x2  
  147  10:02  Archon  
  147  10:05  Zealot x3  
  147  10:06  Zealot  
  155  10:15  Zealot  
  155  10:20  Zealot x5  
  95  10:33  High Templar x4  
  95  10:34  Zealot x5  
  103  10:37  Immortal (Chrono Boost), Zealot  
  103  10:38  Archon x2  
  109  10:47  Sentry  
  109  10:48  Zealot  
  113  10:55  Stalker x3  
  113  10:56  Zealot  
  93  11:04  Zealot  
  93  11:05  Zealot x3  
  93  11:06  Zealot x2  
  97  11:12  Immortal  
Show
View Real Time Build Order
Export as new Build Order

Serral Zerg - Winner!

Build Orders: Pool First 

Get SALT Encoding   

  12  0:00  Drone  
  13  0:12  Overlord  
  13  0:17  Drone  
  14  0:30  Drone x2  
  16  0:40  Spawning Pool  
  15  0:44  Drone  
  16  1:01  Drone  
  17  1:10  Hatchery  
  16  1:14  Drone  
  17  1:27  Zergling x6  
  17  1:28  Extractor  
  19  1:34  Queen  
  21  1:41  Overlord  
  21  1:49  Drone  
  22  2:00  Drone  
  23  2:10  Queen  
  23  2:11  Drone  
  26  2:22  Drone x2  
  28  2:24  Queen  
  30  2:30  Metabolic Boost  
  30  2:32  Drone  
  30  2:35  Drone  
  32  2:44  Drone  
  32  2:46  Drone x3  
  36  2:57  Overlord  
  36  3:06  Hatchery  
  36  3:08  Zergling x2  
  36  3:15  Overlord  
  36  3:17  Drone x2  
  38  3:24  Drone x3  
  41  3:27  Drone  
  41  3:28  Drone  
  43  3:38  Drone x2, Roach Warren  
  43  3:39  Drone  
  43  3:40  Extractor  
  44  3:42  Drone  
  44  3:45  Drone  
  44  3:48  Drone  
  47  3:51  Queen  
  47  3:54  Drone  
  50  3:56  Drone  
  50  3:57  Drone  
  50  4:01  Overlord  
  52  4:04  Overlord  
  52  4:07  Overlord  
  52  4:18  Roach x3  
  52  4:23  Zergling x6  
  52  4:24  Overlord  
  61  4:26  Zergling x4  
  63  4:33  Zergling x2, Overlord  
  64  4:40  Overlord  
  64  4:41  Zergling x8  
  64  4:44  Ravager x2  
  64  4:45  Ravager  
  70  4:51  Zergling x6  
  71  4:56  Zergling x8  
  75  5:02  Overlord  
  75  5:03  Zergling x2  
  75  5:06  Lair  
  76  5:07  Drone  
  77  5:17  Zergling x6  
  72  5:22  Drone  
  72  5:23  Drone x4  
  73  5:29  Drone x6  
  78  5:39  Overlord  
  78  5:40  Drone x2  
  80  5:47  Drone  
  80  5:49  Extractor x2  
  83  5:50  Evolution Chamber, Roach x2  
  83  5:51  Spore Crawler x2  
  83  5:54  Roach  
  84  6:04  Drone x4  
  84  6:05  Drone  
  84  6:08  Glial Reconstitution  
  84  6:10  Drone x2  
  84  6:11  Roach x4  
  98  6:12  Overlord  
  98  6:14  Overlord  
  98  6:17  Overlord  
  97  6:23  Roach  
  99  6:27  Roach x2  
  99  6:35  Extractor  
  99  6:36  Zerg Missile Weapons Level 1, Baneling Nest, Extractor  
  99  6:39  Drone x4  
  100  6:40  Drone x2  
  100  6:43  Overlord  
  100  6:44  Overseer  
  101  6:49  Drone x5  
  106  7:02  Drone x2  
  106  7:04  Spire  
  106  7:06  Roach x5  
  117  7:09  Overlord  
  117  7:11  Zergling x2  
  117  7:12  Zergling x4  
  117  7:14  Overlord  
  117  7:15  Roach x2  
  124  7:18  Hatchery  
  124  7:19  Ravager x2  
  124  7:22  Overlord  
  125  7:26  Roach x4  
  133  7:33  Centrifugal Hooks  
  132  7:38  Zergling x2  
  132  7:39  Zergling x12  
  139  7:45  Overlord  
  138  7:59  Drone  
  138  8:03  Zergling x12  
  145  8:07  Overlord  
  145  8:10  Overlord  
  145  8:12  Overlord  
  145  8:19  Mutalisk x7  
  159  8:27  Baneling x7  
  159  8:31  Zergling x10  
  164  8:36  Baneling x6  
  164  8:39  Zergling x4  
  164  8:40  Zergling x18  
  175  8:43  Zerg Melee Weapons Level 1  
  175  8:55  Zergling x12  
  178  9:04  Drone x3  
  178  9:07  Baneling  
  178  9:09  Ravager x2  
  183  9:10  Baneling x11  
  183  9:13  Zergling x16  
  183  9:14  Zergling x4  
  193  9:21  Baneling x4  
  193  9:22  Baneling x3  
  193  9:27  Zergling x14  
  200  9:33  Infestation Pit  
  193  9:43  Drone x3, Zergling x2  
  193  9:44  Zergling x6  
  200  9:46  Baneling x8  
  200  9:47  Baneling x5  
  200  9:50  Extractor  
  200  9:51  Drone  
  200  9:56  Spore Crawler  
  200  10:04  Baneling  
  200  10:05  Baneling x10  
  198  10:19  Zergling x40  
  178  10:23  Zergling x2  
  160  10:28  Roach  
  160  10:31  Roach x2  
  160  10:33  Hive  
  165  10:37  Roach  
  165  10:42  Baneling x12  
  167  10:43  Zergling x2  
  167  10:44  Zergling x10  
  167  10:46  Zergling x6  
  175  10:53  Zergling x10  
  164  10:59  Zergling x2  
  164  11:00  Zergling x6  
  163  11:08  Zergling x4  
  161  11:13  Roach x5  
Tags
 
Add a new tag
Caveats
  • Supply blocks, unpowered buildings, or Contaminate may cause inaccurate times.
  • Supply counts are checked every 10 seconds.